 Dungeon Crawl Stone Soup version 0.28.0-45-g0d030f2227 (webtiles) character file.

Game seed: 1215386945862624891

133 NinjaNoafa the Chopper (level 5, -3/70 HPs)
             Began as a Hill Orc Monk on Apr 24, 2022.
             Slain by Duvessa
             ... wielding a +0 short sword
              (11 damage)
             ... on level 4 of the Dungeon.
             The game lasted 00:07:41 (2584 turns).

NinjaNoafa the Chopper (Hill Orc Monk)              Turns: 2584, Time: 00:07:41

Health: -3/70      AC: 22    Str: 16    XL:     5   Next: 16%
Magic:  6/6        EV:  2    Int: 10    God:
Gold:   54         SH:  5    Dex: 13    Spells: 4/4 levels left

rFire   . . .      SeeInvis .   a - +0 hand axe
rCold   . . .      Faith    .   u - orb {light}
rNeg    . . .      Spirit   .   (armour currently unavailable)
rPois   +          Reflect  +   (helmet currently unavailable)
rElec   .          Harm     .   (cloak currently unavailable)
rCorr   .          Rampage  .   (gloves currently unavailable)
Will    .....      NoTele   +   (boots currently unavailable)
Stlth   +.........              b - amulet of reflection
HPRegen 0.21/turn               (no ring)
MPRegen 0.10/turn               (no ring)

@: brilliant, tree-form, hasted, glowing, very quick
A: stationary, stasis, torment immunity, boosted hp
a: no special abilities


You were on level 4 of the Dungeon.
You were a tree.
You visited 1 branch of the dungeon, and saw 4 of its levels.

You collected 54 gold pieces.

Inventory:

Hand Weapons
 a - a +0 hand axe (weapon)
Missiles
 e - 2 poisoned darts (quivered)
 r - a throwing net
Armour
 i - a +0 plate armour (melded)
 l - a +0 cloak
 n - the +1 cloak of Starlight (melded) {*Dazzle EV+4 Stlth--}
   (You found it on level 2 of the Dungeon)

   It may blind those who miss an attack against the wearer in melee combat.
   EV:        It affects your evasion (+4).
   Stlth:     It makes you much less stealthy.
 u - an orb of light (worn)
Jewellery
 b - an amulet of reflection (around neck)
Wands
 t - a wand of charming (8)
Scrolls
 c - a scroll of magic mapping {unknown}
 g - a scroll of acquirement {unknown}
 k - 2 scrolls of identify {unknown}
 m - 4 scrolls of teleportation {unknown}
 o - a scroll of fear {unknown}
Potions
 h - a potion of flight
 p - 2 potions of brilliance


   Skills:
 + Level 4.4 Fighting
 + Level 4.9 Axes
 * Level 2.5 Armour
 - Level 2.4 Dodging
 - Level 1.8 Stealth
 + Level 2.3 Invocations
 + Level 0.9 Evocations


You had 4 spell levels left.
You didn't know any spells.
Your spell library was empty.

Dungeon Overview and Level Annotations

Branches:
Dungeon (4/15)
 Temple: D:4-7

Altars:
Elyvilon

Shops:
D:2 !:![

Annotations:
D:4 Duvessa


Message History

You feel stronger.
You hit Duvessa.
Duvessa is heavily wounded.
Duvessa hits you but does no damage.
You hit Duvessa but do no damage.
Duvessa is heavily wounded.
Duvessa hits you with a +0 short sword.
You hit Duvessa but do no damage.
Duvessa is heavily wounded.
Duvessa hits you but does no damage.
You barely miss Duvessa.
Duvessa is heavily wounded.
Duvessa hits you with a +0 short sword!
You hit Duvessa.
Duvessa is heavily wounded.
Duvessa hits you but does no damage.
You hit Duvessa.
Duvessa is heavily wounded.
Duvessa hits you with a +0 short sword.
You feel better. Duvessa hits you with a +0 short sword!
* * * LOW HITPOINT WARNING * * *
You hit Duvessa.
Duvessa is severely wounded.
Duvessa hits you but does no damage.
You hit Duvessa.
Duvessa is severely wounded.
Duvessa hits you with a +0 short sword!
* * * LOW HITPOINT WARNING * * *
Aiming: Charm
Press: ? - help, Shift-Dir - straight line, f - Duvessa
Aim: Duvessa, wielding a +0 short sword and wearing a +0 leather armour (severely wounded, berserk, haloed, chance to affect: 33%) Duvessa easily resists.
Duvessa hits you with a +0 short sword.
* * * LOW HITPOINT WARNING * * *
Throw: 3 darts (poison)
Press: ? - help, Q - select action, (/) - cycle Shift-Dir - straight line, f/p - Duvessa
Aim: Duvessa, wielding a +0 short sword and wearing a +0 leather armour (severely wounded, berserk, haloed, 82% to hit)
You throw a poisoned dart. The poisoned dart hits Duvessa.
Duvessa is poisoned.
Duvessa is severely wounded.
Duvessa hits you with a +0 short sword!
You die...

.# .# .#
###.# #
#...#.#
###<..#.#
#.......#
#..<)e..#
#...♣...#
###.....#
#...#.#
##.##.#
#.# # #.#
#.# #.#


You could see Duvessa (berserk, poisoned).

Vanquished Creatures
  Dowan (D:4)
  A howler monkey (D:4)
  An adder (D:3)
  A worm (D:2)
  2 dart slugs (D:2)
  5 endoplasms
  A giant cockroach (D:3)
  3 goblins
  A hobgoblin (D:1)
  5 kobolds
  A quokka (D:3)
  6 ball pythons
  A bat (D:2)
  4 frilled lizards
  5 rats
38 creatures vanquished.

Notes
Turn   | Place    | Note
-------+----------+-------------------------------------------
     0 | D:1      | NinjaNoafa the Hill Orc Monk began the quest for the Orb.
     0 | D:1      | Reached XP level 1. HP: 19/19 MP: 1/1
     0 | D:1      | Noticed an octopode
     3 | D:1      | Noticed a human
     5 | D:1      | Noticed a barachi
     9 | D:1      | Noticed a ghoul
    15 | D:1      | Noticed a draconian
    16 | D:1      | Noticed a barachi
    16 | D:1      | Noticed a naga
    18 | D:1      | Noticed a naga
   361 | D:1      | Found a faded altar of an unknown god.
   518 | D:1      | Reached XP level 2. HP: 17/27 MP: 2/2
   981 | D:2      | Reached skill level 1 in Armour
  1154 | D:2      | Found Xuge's Distillery.
  1217 | D:2      | Found Reuj's Antique Armour Shop.
  1323 | D:2      | Found the +1 cloak of Starlight {*Dazzle EV+4 Stlth--}
  1329 | D:2      | Reached skill level 1 in Invocations
  1329 | D:2      | Reached XP level 3. HP: 33/33 MP: 3/3
  1411 | D:2      | Found Luntah's Distillery.
  1448 | D:2      | Found Ytergh's Book Boutique.
  2070 | D:3      | Found a white marble altar of Elyvilon.
  2548 | D:4      | Noticed Dowan
  2550 | D:4      | Noticed Duvessa
  2567 | D:4      | Reached XP level 4. HP: 40/40 MP: 5/5
  2573 | D:4      | Killed Dowan
  2574 | D:4      | Reached XP level 5. HP: 44/47 MP: 6/6
  2584 | D:4      | Slain by Duvessa

Illustrated notes

Levels and vault maps discovered:
D:1:      shiori_arrival_whats_in_store_for_you, layout_basic,
          hellmonk_ecumenical_altar_slurped_away
D:2:      layout_rooms, serial_shops, shop, nicolae_shop_crystal,
          nicolae_shop_overgrown_old_shop, shop
D:3:      layout_basic, elyvilon_altar_3
D:4:      old_forge, layout_loops_ring, minmay_temple_entry_fiery, serial_shops,
          shop, uniq_duvessa, uniq_edmund

Skill      XL: |  1  2  3 |
---------------+----------+-----
Armour         | 1 2 |  2.5
Fighting       | 4 |  4.4
Invocations    | 1 2 |  2.3
Axes           | |  4.9
Dodging        | |  2.4
Stealth        | |  1.8
Evocations     | |  0.9

Action                   |  1- 3 |  4- 6 || total
-------------------------+-------+-------++-------
Melee: Hand axe          |   105 |    15 ||   120
Throw: Dart              |       |     1 ||     1
Evoke: Wand              |       |     1 ||     1
  Use: Potion            |     7 |     1 ||     8
 Stab: Sleeping          |     2 |       ||     2
       Invisible         |     1 |       ||     1
Armor: Robe              |     2 |       ||     2
       Plate armour      |    49 |       ||    49
       Skin              |    21 |     9 ||    30
Dodge: Dodged            |    24 |     1 ||    25
Block: Other             |    15 |       ||    15
       Reflection        |     2 |       ||     2
       Orb               |     7 |     2 ||     9
